AoeStats
← jfdsago

Fortress

510699256Analyzed
1v1 RM · 1d ago on Oct 2, 2026· 34m 0s· 2 players
Game mode
Random Map
Map size
Small (3 player)
Population
200
Speed
Normal
Resources
Standard
Victory
Conquest
Starting age
Dark Age
Ending age
Imperial Age
RankedLock teamsTeams togetherTeam positionsShared explorationLock speedFull tech treeHidden civsTurbo modeCheats
Victory
Defeat
🇨🇳 Chinese · China
869
+14
🇹🇼 Huns · Taiwan
829
-37
jfdsago
7:09 Loom
9:17 Feudal Age
14:42 Castle Age
12:38 Double-Bit Axe
15:57 Bow Saw
16:00 Gold Mining
19:16 Gold Shaft Mining
23:47 Horse Collar
26:32 Wheelbarrow
25:45 Town Watch
29:04 Imperial Age
26:40 Stone Mining
28:07 Marauders
30:12 Conscription
31:31 Two-Man Saw
31:42 Hand Cart
31:44 Bloodlines
31:34 Husbandry
31:07 Elite Skirmisher
32:55 Fletching
月照彩云归
0:29 Loom
8:51 Feudal Age
13:15 Castle Age
11:53 Horse Collar
12:01 Double-Bit Axe
12:12 Gold Mining
12:44 Fletching
13:48 Forging
14:54 Bow Saw
15:24 Stone Mining
16:09 Heavy Plow
18:33 Stone Shaft Mining
21:58 Gold Shaft Mining
24:06 Wheelbarrow
24:09 Sanctity
28:37 Imperial Age
26:55 Great Wall
27:33 Bodkin Arrow
27:39 Padded Archer Armor
27:40 Scale Mail Armor
28:02 Pikeman
28:43 Squires
29:26 Heated Shot
29:56 Ballistics
31:01 Chemistry
30:21 Leather Archer Armor
31:07 Conscription
31:02 Halberdier
32:39 Bracer
32:56 Chain Mail Armor
33:03 Town Watch
33:34 Hand Cart
33:41 Murder Holes
33:43 Man-at-Arms
34:37 Town Patrol
Connection lost

Rejoining the realm…

Still unreachable

The connection could not be restored.

Session expired

The server has moved on; the page needs a fresh start.